Unix NetHack Version 5.0.0-0 post-release - last build Jun 10 2026 00:39:30 (3ee93aec679c4c4259841fe613dc97188e26a321,branch:main).

Game began 2026-07-09 17:17:54, ended 2026-07-09 17:50:34.

Anarchos, lawful female dwarven Valkyrie

   ---        ---- ---       -----------
  --..|   -----..| |..|.---  |......|..|
  |...-- --..|...|--......----.|......|.
  |....---...|.----.........@..|-...---
  --.............|..--.<....r-- |..--
   |......` .---....----....*%. ----
   |.......|.  |...............
   ---.......-- ...------..
     -----....| -...
         --...---...
          |....|...
           -.......
           -........
     ------........`..
     |.......---.....--
     |.....-----......--
     |-..---  |........--.
     |...------..........|
     --...||........|.|.--
      --..||..--.|.------
       ---- --------
Anarchos the Skirmisher     St:17 Dx:14 Co:16 In:9 Wi:6 Ch:11  Lawful
Dlvl:3  $:28 HP:0(39) Pw:3(3) AC:6  Xp:3 T:1753 

Latest messages:
 You already found a monster.  Use 'm' prefix to force another search.
 You already found a monster.  Use 'm' prefix to force another search.
 You already found a monster.  Use 'm' prefix to force another search.
 You already found a monster.  Use 'm' prefix to force another search.
 You already found a monster.  Use 'm' prefix to force another search.
 You already found a monster.  Use 'm' prefix to force another search.
 You already found a monster.  Use 'm' prefix to force another search.
 You already found a monster.  Use 'm' prefix to force another search.
 You already found a monster.  Use 'm' prefix to force another search.
 You already found a monster.  Use 'm' prefix to force another search.
 You already found a monster.  Use 'm' prefix to force another search.
 You already found a monster.  Use 'm' prefix to force another search.
 You already found a monster.  Use 'm' prefix to force another search.
 You already found a monster.  Use 'm' prefix to force another search.
 Your kobold corpse rots away.
 Your movements are now unencumbered.
 You stop searching.
 Everything looks SO boring now.
 You stop searching.
 You hit the wererat!
 The wererat misses!
 You miss the wererat.
 The wererat changes into a rat.
 The wererat summons help!
 A rabid rat suddenly appears next to you!
 A giant rat suddenly appears next to you!
 The wererat bites!
 You miss the wererat.
 The giant rat bites!
 The rabid rat bites!
 The wererat bites!
 You feel feverish.
 You kill the wererat!
 The giant rat bites!
 The rabid rat bites!
 You miss the rabid rat.
 The giant rat bites!
 The rabid rat bites!
 You hit the giant rat.
 The giant rat bites!
 The rabid rat bites!
 You hit the rabid rat!
 The rabid rat bites!
 You kill the giant rat!
 You miss the rabid rat.
 The rabid rat misses!
 You miss the rabid rat.
 The rabid rat bites!
 You die...
 Do you want your possessions identified? [ynq] (y) q

Inventory:
 Coins    ('$')
  $ - 28 gold pieces
 Weapons  (')')
  h - 11 cursed -1 darts
  b - a +0 dagger (alternate weapon; not wielded)
  a - a +1 dwarvish spear (weapon in right hand)
  f - a +0 partisan
 Armor    ('[')
  c - an uncursed +3 small shield (being worn)
 Comestibles  ('%')
  r - an uncursed food ration
  x - an uncursed pancake
  n - 5 uncursed lichen corpses
 Wands    ('/')
  l - a wand of create monster (0:14)
  q - a wand of create monster (0:11)
  g - a wand of digging (0:4)
 Tools    ('(')
  p - a cursed skeleton key
 Gems/Stones  ('*')
  m - an uncursed worthless piece of blue glass
  w - an uncursed worthless piece of red glass
  u - an uncursed worthless piece of violet glass
  A - an uncursed worthless piece of yellow glass
  B - a cursed loadstone

Anarchos the Valkyrie's attributes:

Background:
 You were a Skirmisher, a level 3 dwarven Valkyrie.
 You were lawful, nominally on a mission for Tyr
 who was opposed by Odin (neutral) and Loki (chaotic).
 You were right-handed.
 You were in the Gnomish Mines, on level 3.
 You entered the dungeon 1753 turns ago.
 You had 53 experience points, 27 more were needed to attain level 4.

Basics:
 You had 0 out of 39 hit points.
 You had all 3 energy points (spell power).
 Your armor class was 6.
 Your wallet contained 28 zorkmids.
 Autopickup was on for all types.

Final Characteristics:
 Your strength was 17 (limit:18/100).
 Your dexterity was 14 (limit:20).
 Your constitution was 16 (limit:20).
 Your intelligence was 9 (limit:16).
 Your wisdom was 6 (peak:8, limit:16).
 Your charisma was 11 (limit:16).

Final Status:
 You weren't hungry.
 You were unencumbered.
 You were wielding a spear.
 You had basic skill with spear.

Final Attributes:
 You were devoutly aligned.
 You were cold resistant.
 You were level-drain resistant.
 You had infravision.
 You were stealthy.
 You were a wererat.
 You were harmed by silver.
 You are dead.

Miscellaneous:
 You didn't encounter any bones levels.
 Total elapsed playing time was 32 minutes and 39 seconds.

Major events:
 Turn
    1: Anarchos the lawful dwarven Valkyrie entered the dungeon
 1324: entered the Gnomish Mines
 1509: attained the rank of Skirmisher (level 3)
 1753: killed by a rabid rat

You didn't know any spells.

Skills:
 Fighting Skills
   bare handed combat [Unskilled]
   two weapon combat  [Unskilled]
   riding             [Unskilled]
 Weapon Skills
   dagger             [Basic]
   axe                [Unskilled]
   pick-axe           [Unskilled]
   short sword        [Unskilled]
   broadsword         [Unskilled]
   long sword         [Unskilled]
   two-handed sword   [Unskilled]
   saber              [Unskilled]
   hammer             [Unskilled]
   quarterstaff       [Unskilled]
   polearms           [Unskilled]
   spear              [Basic]
   trident            [Unskilled]
   lance              [Unskilled]
   sling              [Unskilled]
 Spellcasting Skills
   attack spells      [Unskilled]
   escape spells      [Unskilled]

Voluntary challenges:
 Character rerolling was not enabled.
 You were an atheist.
 You never genocided any monsters.
 You never polymorphed an object.
 You never changed form.
 You used no wishes.
Achievements:
 You entered the Gnomish Mines.
 You attained the rank of Skirmisher.

 The Dungeons of Doom: levels 1 to 2
    Level 1:
    Level 2:
       Some fountains.
       Stairs down to The Gnomish Mines.
 The Gnomish Mines:
    Level 3: <- You were here.
       Final resting place for
          you, killed by a rabid rat.


Vanquished creatures:
  a wererat
  2 giant rats
  a yellow mold
  2 geckos
 10 jackals
  2 kobolds
  3 grid bugs
  5 lichens
  3 kobold zombies
  5 newts
34 creatures vanquished.

No species were genocided or became extinct.

Game over:
                       ----------
                      /          \
                     /    REST    \
                    /      IN      \
                   /     PEACE      \
                  /                  \
                  |     Anarchos     |
                  |      28 Au       |
                  |   killed by a    |
                  |    rabid rat     |
                  |                  |
                  |                  |
                  |       2026       |
                 *|     *  *  *      | *
        _________)/\\_//(\/(/\)/\//\/|_)_______

Farvel Anarchos the Valkyrie...

You died in The Gnomish Mines on dungeon level 3 with 358 points,
and 28 pieces of gold, after 1753 moves.
You were level 3 with a maximum of 39 hit points when you died.

